 Dungeon Crawl Stone Soup version 0.28-a0-612-gcfc00ec14d (webtiles) character file.

Game seed: 11285720931840900293

480 kae the Cleaver (level 7, -1/63 HPs)
             Began as a Hill Orc Fighter on Oct 5, 2021.
             Succumbed to a scorpion's poison
             ... on level 4 of the Dungeon.
             The game lasted 00:02:30 (4263 turns).

kae the Cleaver (Hill Orc Fighter)                  Turns: 4263, Time: 00:02:30

Health: -1/63      AC:  7    Str: 21    XL:     7   Next: 11%
Magic:  7/7        EV:  9    Int:  8    God:
Gold:   88         SH:  4    Dex: 10    Spells: 6/6 levels left

rFire   . . .      SeeInvis .   a - +0 war axe
rCold   . . .      Faith    .   c - +0 buckler
rNeg    + . .      Spirit   .   b - +1 scale mail
rPois   .          Reflect  .   (no helmet)
rElec   .          Harm     .   (no cloak)
rCorr   .          Rampage  .   (no gloves)
Will    .....                   (no boots)
Stlth   ..........              (no amulet)
HPRegen 0.20/turn               h - ring of positive energy
MPRegen 0.10/turn               (no ring)

@: lethally poisoned (-1 -> -23), slowed, very slow
A: no striking features
a: no special abilities


You were on level 4 of the Dungeon.
You visited 2 branches of the dungeon, and saw 5 of its levels.

You collected 197 gold pieces.
You spent 109 gold pieces at shops.

Inventory:

Hand Weapons
 a - a +0 war axe (weapon)
Missiles
 d - 2 throwing nets (quivered)
Armour
 b - a +1 scale mail (worn)
 c - a +0 buckler (worn)
Jewellery
 h - a ring of positive energy (left hand)
Scrolls
 e - 3 scrolls of enchant armour
 g - a scroll of teleportation
 m - a scroll of identify
 n - a scroll of enchant weapon {unknown}
Potions
 f - a potion of haste
 i - 2 potions of brilliance {unknown}
 j - a potion of heal wounds {unknown}
 k - a potion of mutation {unknown}
 l - 2 potions of flight {unknown}
 p - a potion of ambrosia {unknown}


   Skills:
 + Level 6.1 Fighting
 * Level 8.2 Axes
 - Level 3.2 Armour
 - Level 3.2 Shields


You had 6 spell levels left.
You didn't know any spells.
Your spell library contained the following spells:

 Spells                   Type           Power      Damage    Failure   Level
 Magic Dart               Conj           0%         1d3       78%         1
 Searing Ray              Conj           0%         2d4       89%         2
 Conjure Flame            Conj/Fire      0%         6-21      98%         3
 Ignite Poison            Fire/Tmut/Pois 0%         N/A       98%         3
 Fulminant Prism          Conj/Hex       0%         3d6       100%        4
 Sticky Flame             Conj/Fire      0%         2d3       100%        4


Dungeon Overview and Level Annotations

Branches:
Dungeon (4/15)             Temple (1/1) D:4

Altars:
Cheibriados
Dithmenos
Fedhas
Gozag
Kikubaaqudgha
Makhleb
Nemelex Xobeh
Okawaru
Ru
Sif Muna
Trog
Vehumet
Wu Jian
Xom
Yredelemnul
Zin
The Shining One

Shops:
D:3 *=[*   D:4 [

Annotations:
D:4 Natasha


Message History

You kill the hound!
You slash the crimson imp! You completely miss Natasha.
Natasha closely misses you. The crimson imp misses you.
Natasha casts a spell at you. The magic dart hits you.
The crimson imp grinds its teeth.
The crimson imp closely misses you. Natasha claws you but does no damage.
The crimson imp hits you but does no damage.
The scorpion stings you but does no damage.
Natasha claws you.
The scorpion stings you but does no damage.
Natasha stares at you and mumbles some strange words.
The magic dart hits you but does no damage.
The scorpion stings you.
You are poisoned.
The scorpion poisons you!
The crimson imp blinks!
You barely miss Natasha.
Natasha is moderately wounded.
You slash the scorpion!
You feel very sick. Natasha closely misses you. The scorpion stings you.
The crimson imp blinks!
You block Natasha's attack. The scorpion stings you.
You are more poisoned.
The scorpion poisons you!
You hit Natasha but do no damage.
Natasha is moderately wounded.
You closely miss the scorpion.
You feel very sick. The scorpion stings you.
* * * LOW HITPOINT WARNING * * *
You are lethally poisoned!
The scorpion poisons you! Natasha claws you but does no damage.
The scorpion stings you but does no damage.
Natasha claws you!
* * * LOW HITPOINT WARNING * * *
You barely miss Natasha.
Natasha is moderately wounded.
You hit the scorpion.
You die...

.....##...###...........
#....##...###....#......
#.....##..#...#.........
.......#....##.........#
...........###.....###.#
..........###......###..
..[........###...........
#........h.>#.......######
#......5.@s.........#
...###................#.# #
## ....#............#......#
#
.###...#..................##
#
..##......................#
#
≈.##.............###......#
# ≈.##...#.........#
#......# #####
≈.##...##.......####......#
#.... ..#....##......##
#..)#...# #.P.P


You could see a scorpion, Natasha and a crimson imp (summoned).

Vanquished Creatures
  A water moccasin zombie (D:3)
  A water moccasin skeleton (D:4)
  A bullfrog zombie (D:4)
  3 hounds
  A gnoll shaman (D:3)
  Terence (D:3)
  An iguana (D:4)
  3 gnolls
  7 adders
  An adder skeleton (D:4)
  4 worms
  5 orcs
  4 endoplasms
  3 giant cockroaches
  8 hobgoblins
  4 quokkas
  10 ball pythons
  7 bats
  3 frilled lizards
  3 goblins
  5 kobolds
  4 rats
80 creatures vanquished.

Notes
Turn   | Place    | Note
-------+----------+-------------------------------------------
     0 | D:1      | kae the Hill Orc Fighter began the quest for the Orb.
     0 | D:1      | Reached XP level 1. HP: 19/19 MP: 1/1
   120 | D:1      | Reached skill level 3 in Axes
   209 | D:1      | Found a faded altar of an unknown god.
   328 | D:1      | Reached XP level 2. HP: 27/27 MP: 2/2
   730 | D:2      | Reached skill level 4 in Axes
   730 | D:2      | Reached XP level 3. HP: 29/33 MP: 3/3
  1078 | D:2      | Reached XP level 4. HP: 41/41 MP: 4/4
  1113 | D:2      | Reached skill level 5 in Axes
  1784 | D:3      | Found Bennuacu's Antique Armour Boutique.
  1894 | D:3      | Reached skill level 5 in Fighting
  1894 | D:3      | Reached skill level 6 in Axes
  1894 | D:3      | Reached XP level 5. HP: 29/48 MP: 5/5
  2111 | D:3      | Found Fuil's Assorted Antiques.
  2386 | D:3      | Found Hedghase's Jewellery Shop.
  2418 | D:3      | Found Deulaipt's Assorted Antiques.
  2615 | D:3      | Noticed Terence
  2635 | D:3      | Killed Terence
  2636 | D:3      | Reached XP level 6. HP: 20/56 MP: 6/6
  2837 | D:3      | Bought a golden potion for 25 gold pieces
  2837 | D:3      | Bought a scroll labelled JAUQET RUGA for 28 gold pieces
  2837 | D:3      | Bought a scroll labelled RONKOT DOUR for 28 gold pieces
  2837 | D:3      | Bought a scroll labelled RUEPNU GEONLU for 28 gold pieces
  3127 | D:4      | Reached skill level 7 in Axes
  3273 | D:4      | Noticed Natasha
  3752 | D:4      | Found Cahihaat's Armour Emporium.
  3795 | D:4      | Found a staircase to the Ecumenical Temple.
  3810 | Temple   | Entered the Ecumenical Temple
  4063 | D:4      | Reached skill level 8 in Axes
  4063 | D:4      | Reached XP level 7. HP: 56/63 MP: 7/7
  4160 | D:4      | Found an opulent altar of Gozag.
  4263 | D:4      | Succumbed to a scorpion's poison

Illustrated notes

Levels and vault maps discovered:
D:1:      pf_arrival_petrified_forest, layout_loops_ring,
          dreamdust_ecumenical_altar_angels_and_demons, feat_on_display
D:2:      layout_basic
D:3:      layout_basic, serial_shops,
          nicolae_shop_temple_entry_statues_fountains, nicolae_square_shop,
          shop, shop, minmay_box_of_dots, uniq_terence
D:4:      layout_rooms, mainiacjoe_overflow_boulevard,
          minmay_temple_entry_trees, serial_shops, nicolae_lakefront_shop,
          uniq_natasha
Temple:   eino_temple_rhombus

Skill      XL: |  1  2  3  4  5  6 |
---------------+-------------------+-----
Axes           | 3 4 6 8 |  8.2
Fighting       | 4 5 6 |  6.1
Armour         | |  3.2
Shields        | |  3.2

Action                   |  1- 3 |  4- 6 |  7- 9 || total
-------------------------+-------+-------+-------++-------
Melee: War axe           |    60 |   208 |    22 ||   290
  Use: Scroll            |     3 |     9 |       ||    12
       Potion            |       |     3 |       ||     3
Armor: Scale mail        |    19 |    86 |    20 ||   125
Dodge: Dodged            |    30 |    88 |    20 ||   138
Block: Buckler           |    19 |    60 |     8 ||    87

Table legend: (Time is in decaauts)
 A = Elapsed time spent in this place.
 B = Non-inter-level travel time spent in this place.
 C = Inter-level travel time spent in this place.
 D = Time resting spent in this place.
 E = Time spent auto-exploring this place.
 F = Levels seen in this place.
 G = Mean time per level.
                   A        B        C        D        E       F      G
               +--------+--------+--------+--------+--------+-----+--------+
         Total |   4315 |   4143 |    172 |    344 |   3154 |   5 |  863.0 |
       Dungeon |   4105 |   3953 |    152 |    344 |   2976 |   4 | 1026.2 |
        Temple |    209 |    190 |     19 |      0 |    178 |   1 |  209.0 |
               +--------+--------+--------+--------+--------+-----+--------+

Top non-repeatable levels by time:
     D:3: 1918 daAuts
     D:2: 1029 daAuts
     D:1: 703 daAuts
     D:4: 454 daAuts
  Temple: 209 daAuts
